 Dungeon Crawl Stone Soup version 0.24-a0-263-gbee43f9 (webtiles) character file.

Game seed: 629659464043912128

595 mopl the Stinger (level 7, 0/55 HPs)
             Began as a Naga Venom Mage on Apr 19, 2019.
             Was an Initiate of Vehumet.
             Slain by a black bear (9 damage)
             ... on level 6 of the Dungeon.
             The game lasted 00:09:33 (4062 turns).

mopl the Stinger (Naga Venom Mage)                  Turns: 4062, Time: 00:09:34

Health: 0/55       AC:  4    Str: 10    XL:     7   Next: 40%
Magic:  8/13       EV: 10    Int: 18    God:    Vehumet [......]
Gold:   273        SH:  0    Dex: 11    Spells: 4/14 levels left

rFire    . . .     SeeInvis +   q - +0 falchion (holy)
rCold    . . .     Gourm    .   (no shield)
rNeg     + . .     Faith    .   a - +0 robe
rPois    +         Spirit   .   (no helmet)
rElec    .         Reflect  .   n - +0 cloak
rCorr    .         Harm     .   (no gloves)
MR       .....                  (no barding)
Stlth    ++........             (no amulet)
HPRegen  0.18/turn              l - ring of positive energy
MPRegen  0.13/turn              (no ring)

@: starving, very slow
A: large, see invisible, deformed body, poison resistance, slowness 2, slow
metabolism 1, spit poison 1, AC +2
a: Spit Poison, Renounce Religion


You were on level 6 of the Dungeon.
You worshipped Vehumet.
Vehumet was noncommittal.
You were starving.

You visited 1 branch of the dungeon, and saw 6 of its levels.

You collected 273 gold pieces.

Inventory:

Hand Weapons
 f - a +0 dagger of protection
 q - a +0 falchion of holy wrath (weapon)
Missiles
 d - 5 javelins (quivered)
 j - 6 tomahawks of returning
Armour
 a - a +0 robe (worn)
 n - a +0 cloak (worn)
Jewellery
 l - a ring of positive energy (left hand)
Wands
 s - a wand of enslavement (5)
Scrolls
 e - 2 scrolls of teleportation {unknown}
 h - a scroll of amnesia {unknown}
 i - a scroll of magic mapping {unknown}
 k - 2 scrolls of fear {unknown}
 m - a scroll of remove curse {unknown}
 o - a scroll of immolation {unknown}
 v - 4 scrolls of noise {unknown}
 x - 3 scrolls of fog {unknown}
Potions
 b - 2 potions of lignification {unknown}
 g - a potion of haste
 p - a potion of agility
 r - a potion of flight
 t - a potion of curing {unknown}
 u - a potion of brilliance
 w - a potion of heal wounds {unknown}
Comestibles
 c - 7 rations


   Skills:
 - Level 1.5 Dodging
 - Level 3.0 Stealth
 + Level 4.2 Spellcasting
 + Level 4.2 Conjurations
 - Level 2.0 Air Magic
 + Level 6.8 Poison Magic


You had 4 spell levels left.
You knew the following spells:

 Your Spells              Type           Power        Failure   Level  Hunger
a - Sting                 Conj/Pois      ###.         1%          1    None
b - Poisonous Vapours     Pois/Air       ###...       3%          2    ##.....
c - Mephitic Cloud        Conj/Pois/Air  ###.....     7%          3    ###....
o - Olgreb's Toxic Radia  Pois           ####....     9%          4    ####...

Your spell library contained the following spells:

 Spells                   Type           Power        Failure   Level  Hunger
 Venom Bolt               Conj/Pois      ###.......   38%         5    ######.


Dungeon Overview and Level Annotations

Branches:
Dungeon (6/15)
 Temple: D:4-7

Altars:
Ashenzari
Fedhas
Kikubaaqudgha
Nemelex Xobeh
Vehumet
Zin

Shops:
D:5 %

Annotations:
D:3 dig


Innate Abilities, Weirdness & Mutations

You cannot wear boots.
Your serpentine skin is tough. (AC +2)
You have supernaturally acute eyesight. (SInv)
Armour fits poorly on your strangely shaped body.
Your system is resistant to poisons. (rPois)
You cover ground very slowly.
You have a slow metabolism.
You can spit poison.


Message History

The bullfrog skeleton is almost destroyed.
The bullfrog skeleton hits you. x2
* * * LOW HITPOINT WARNING * * *
The bullfrog skeleton hits you but does no damage.
The bullfrog skeleton hits you.
* * * LOW HITPOINT WARNING * * *
The bullfrog skeleton hits you.
* * * LOW HITPOINT WARNING * * *
You don't have the energy to cast that spell.
The bullfrog skeleton closely misses you.
You riposte.
You hit the bullfrog skeleton but do no damage.
The bullfrog skeleton is almost destroyed.
The bullfrog skeleton barely misses you.
Unknown command.
You hit the bullfrog skeleton.
You destroy the bullfrog skeleton!
Vehumet accepts your kill. The black bear bites you!
You die...

.#.......##.......####
#.......##......)....
#.##...###........###
#.##...##########.###
#.........# #.##.
####.####<# #.##.
#.##.#.#######.... #####
#[............###.
......#@##.#.######.....
....)†h...##.# ######
$...#)#......# .#
.†.###.#### ..#. #.# ?#
.. #.# .. ... ... ...
##.#


You could see a black bear (berserk).

Vanquished Creatures
  A sky beast (D:5)
  A scorpion (D:4)
  2 bullfrog skeletons
  2 hounds
  An orc priest (D:4)
  A jelly (D:5)
  3 orc wizards (D:5)
  4 worker ants
  A hound skeleton (D:5)
  A worker ant zombie (D:5)
  A gnoll (D:1)
  5 adders
  4 dart slugs
  3 leopard geckos
  6 orcs
  2 ball pythons
  A giant cockroach (D:2)
  4 goblins
  8 hobgoblins
  3 jackals (D:6)
  10 bats
  4 frilled lizards (D:1)
  A jackal skeleton (D:4)
  5 kobolds
  3 rats (D:1)
77 creatures vanquished.

Notes
Turn   | Place    | Note
-------+----------+-------------------------------------------
     0 | D:1      | mopl the Naga Venom Mage began the quest for the Orb.
     0 | D:1      | Reached XP level 1. HP: 15/15 MP: 3/3
   208 | D:1      | Reached XP level 2. HP: 20/22 MP: 3/5
   212 | D:1      | Learned a level 2 spell: Poisonous Vapours
   431 | D:1      | Reached XP level 3. HP: 25/28 MP: 3/6
   756 | D:1      | Reached skill level 2 in Conjurations
   830 | D:1      | Reached skill level 1 in Air Magic
   950 | D:2      | Learned a level 3 spell: Mephitic Cloud
  1558 | D:3      | Reached XP level 4. HP: 36/36 MP: 4/7
  2032 | D:3      | Found a blossoming altar of Fedhas.
  2062 | D:3      | Found a glowing silver altar of Zin.
  2309 | D:3      | Reached skill level 5 in Poison Magic
  2413 | D:4      | Reached skill level 3 in Spellcasting
  2413 | D:4      | Reached XP level 5. HP: 33/42 MP: 9/9
  2480 | D:4      | Learned a level 4 spell: Olgreb's Toxic Radiance
  2515 | D:4      | Reached skill level 2 in Air Magic
  2526 | D:4      | Reached skill level 3 in Conjurations
  2545 | D:4      | Reached XP level 6. HP: 49/49 MP: 3/10
  2686 | D:4      | Reached skill level 6 in Poison Magic
  2704 | D:4      | Found an ancient bone altar of Kikubaaqudgha.
  2864 | D:4      | Found a radiant altar of Vehumet.
  2872 | D:4      | Became a worshipper of Vehumet
  3097 | D:5      | Entered Level 5 of the Dungeon
  3113 | D:5      | Found Weloen's Food Emporium.
  3211 | D:5      | Reached XP level 7. HP: 36/55 MP: 3/12
  3229 | D:5      | Reached skill level 4 in Spellcasting
  3436 | D:5      | Reached skill level 4 in Conjurations
  3793 | D:5      | Found a sparkling altar of Nemelex Xobeh.
  3872 | D:5      | Found a shattered altar of Ashenzari.
  4062 | D:6      | Slain by a black bear

Levels and vault maps discovered:
D:1:      lightli_molten_gateway, layout_basic, minmay_quantized
D:2:      layout_basic
D:3:      layout_basic, fedhas_altar_1, lemuel_crystal_altar, first_ration,
          minmay_misc_feat_chi, hex_intersection, lightli_corner_chamber
D:4:      layout_cave_pools, lemuel_coloured_pillars_altar,
          kiku_gazebo_pond_becter
D:5:      layout_gridville, lemuel_crystal_altar, serial_shops, shop_statue,
          nemelex_lonely_heart_becter
D:6:      layout_loops_cross, marbit_many_paths,
          minmay_temple_entry_sparse_star, minmay_shop_grid_forest,
          uniq_duvessa, uniq_eustachio, uniq_crazy_yiuf_cottage

Skill      XL: |  1  2  3  4  5  6  7 |
---------------+----------------------+-----
Conjurations   | 2 3 4 |  4.2
Air Magic      | 1 2 |  2.0
Poison Magic   | 5 6 |  6.8
Spellcasting   | 3 4 |  4.2
Dodging        | |  1.5
Stealth        | |  3.0

Action                   |  1- 3 |  4- 6 |  7- 9 || total
-------------------------+-------+-------+-------++-------
Melee: Unarmed           |     1 |       |       ||     1
       Dagger            |    13 |    80 |    75 ||   168
       Falchion          |       |       |     5 ||     5
 Cast: Sting             |    28 |     1 |     1 ||    30
       Poisonous Vapours |    23 |    28 |     3 ||    54
       Mephitic Cloud    |       |     1 |     1 ||     2
       Olgreb's Toxic Ra |       |     2 |     2 ||     4
Evoke: Wand              |       |       |     2 ||     2
  Use: Scroll            |       |       |     4 ||     4
 Stab: Sleeping          |       |     1 |       ||     1
  Eat: Chunk             |     3 |     5 |     2 ||    10
Armor: Robe              |    22 |    39 |    39 ||   100
Dodge: Dodged            |    36 |    45 |    36 ||   117
       Rpst.: Falchion   |       |       |     3 ||     3

Table legend:
 A = Non-vault XP
 B = Vault XP
 C = Vault XP percentage of total XP
 D = Non-vault monster count
 E = Vault monster count
 F = Vault count percentage of total count
                 A         B        C        D         E       F
            +---------+---------+-------+---------+---------+-------
      Total |     845 |       5 |   0.6 |      73 |       4 |   5.2
            +---------+---------+-------+---------+---------+-------
        D:1 |      60 |       5 |   7.7 |      25 |       4 |  13.8
        D:2 |      15 |       0 |   0.0 |       8 |       0 |   0.0
        D:3 |      82 |       0 |   0.0 |       9 |       0 |   0.0
        D:4 |     349 |       0 |   0.0 |      14 |       0 |   0.0
        D:5 |     286 |       0 |   0.0 |      11 |       0 |   0.0
        D:6 |      53 |       0 |   0.0 |       6 |       0 |   0.0
            +---------+---------+-------+---------+---------+-------
